 Dungeon Crawl Stone Soup version 0.31.0-4-g52a2dc7128 (webtiles) character file.

Game seed: 15066387202641536055

394122 dialectric the Conqueror (level 21, -3/224 HPs)
             Began as a Minotaur Wanderer on Jan 21, 2024.
             Was the Champion of Jiyva.
             Incinerated by a deep elf pyromancer (16 damage)
             ... with a pyre arrow
             ... on level 3 of the Elven Halls.
             The game lasted 01:46:24 (42225 turns).

dialectric the Conqueror (Minotaur Wanderer)       Turns: 42225, Time: 01:46:24

Health: -3/224     AC: 39    Str: 37    XL:     21   Next: 61%
Magic:  27/27      EV: 35    Int:  9    God:    Jiyva [******]
Gold:   1186       SH: 23    Dex: 26    Spells: 26/30 levels left

rFire   . . .        j - +5 morningstar "Beetleslayer" {heavy, rC+ Int-5 Dex+8 Stlth-}
rCold   + . .        d - +1 kite shield {AC+3}
rNeg    . . .        s - quicksilver dragon scales
rPois   .            (helmet restricted)
rElec   +            F - +1 cloak of Starlight {*Dazzle EV+4 Stlth--}
rCorr   +            p - +2 pair of gloves "Huerag" {Str+4}
SInv    .            B - +1 pair of boots
Will    ++...        O - amulet of Henotheism {Reflect Str+4 SH+5}
Stlth   +            D - +4 ring of protection
HPRegen 2.17/turn    U - +6 ring of strength
MPRegen 1.00/turn

%: reflection
@: on fire, about to teleport, glowing, studying Fighting
A: horns 2, retaliatory headbutt, talons 2, iridescent scales 2, thin skeletal
structure 3, clever 1, electricity resistance, wild magic 2, acidic bite,
gelatinous body 3, jelly absorbing missiles, MP-powered wands
}: 3/15 runes: serpentine, barnacled, slimy
a: Renounce Religion, Oozemancy, Slimify


You were on level 3 of the Elven Halls.
You worshipped Jiyva.
Jiyva was exalted by your worship.
You visited 12 branches of the dungeon, and saw 46 of its levels.
You visited 1 ziggurat, and saw 4 of its levels.
You also visited: Ice Cave.

You collected 3463 gold pieces.
You spent 2277 gold pieces at shops.

Inventory:

Hand Weapons
 j - the +5 morningstar "Beetleslayer" (weapon) {heavy, rC+ Int-5 Dex+8 Stlth-}
   (You bought it in a shop on level 14 of the Dungeon)

   Int-5:     It affects your intelligence (-5).
   Dex+8:     It affects your dexterity (+8).
   rC+:       It protects you from cold.
   Stlth-:    It makes you less stealthy.
 u - a +5 lajatang of chaos
Missiles
 I - 7 curare-tipped darts (quivered)
 K - 4 silver javelins
 L - 2 throwing nets
Armour
 d - a +1 kite shield of protection (worn)
 p - the +2 pair of gloves "Huerag" (worn) {Str+4}
   (You found it on level 1 of the Depths)

   Str+4:     It affects your strength (+4).
 s - quicksilver dragon scales (worn)
 A - +0 fire dragon scales
 B - a +1 pair of boots (worn)
 F - the +1 cloak of Starlight (worn) {*Dazzle EV+4 Stlth--}
   (You found it on level 3 of the Depths)

   *Dazzle:   It may blind those who miss an attack against the wearer in melee
   combat.
   EV+4:      It affects your evasion (+4).
   Stlth--:   It makes you much less stealthy.
 Q - a +2 cloak of poison resistance
Jewellery
 g - a ring of see invisible
 n - the ring of Libaupt {+Blink rF+ Int+7}
   (You took it off a deep elf blademaster on level 3 of the Depths)

   [ring of protection from fire]

   Int+7:     It affects your intelligence (+7).
   rF+:       It protects you from fire.
   +Blink:    It lets you blink.
 y - the ring of Qyerar {rElec rF+++ rC- EV+5 Dex+3}
   (You found it on level 5 of the Pits of Slime)

   [ring of evasion]

   EV+5:      It affects your evasion (+5).
   Dex+3:     It affects your dexterity (+3).
   rF+++:     It renders you almost immune to fire.
   rC-:       It makes you vulnerable to cold.
   rElec:     It insulates you from electricity.
 D - a +4 ring of protection (left hand)
 M - a ring of magical power
 N - the ring of Noon {*Slow rPois rN+ MP+9 Dex+3}
   (You found it in an ice cave)

   [ring of positive energy]

   Dex+3:     It affects your dexterity (+3).
   rPois:     It protects you from poison rN+: It protects you from negative
   energy.
   MP+9:      It affects your magic capacity (+9).
   *Slow:     It may slow you when you take damage.
 O - the amulet of Henotheism (around neck) {Reflect Str+4 SH+5}
   (You acquired it on level 4 of the Lair of Beasts)

   [amulet of reflection]

   Reflect:   It reflects blocked missile attacks.
   Str+4:     It affects your strength (+4).
   SH+5:      It affects your SH (+5).
 R - a +6 ring of dexterity
 T - the amulet of Ecwonath {Spirit *Slow Will+ Int+2}
   (You found it on level 2 of the Depths)

   [amulet of guardian spirit]

   Spirit:    It causes incoming damage to be divided between your reserves of
   health and magic.
   Int+2:     It affects your intelligence (+2).
   Will+:     It increases your willpower.
   *Slow:     It may slow you when you take damage.
 U - a +6 ring of strength (right hand)
 W - a ring of flight
Wands
 a - a wand of flame (33)
 l - a wand of digging (11)
 C - a wand of iceblast (19)
 H - a wand of mindburst (13)
Scrolls
 e - 4 scrolls of brand weapon
 f - 2 scrolls of fog
 i - 6 scrolls of revelation
 k - 3 scrolls of blinking
 m - 2 scrolls of poison
 o - 9 scrolls of teleportation
 t - 6 scrolls of immolation
 z - 4 scrolls of noise
 G - 5 scrolls of vulnerability
 J - 3 scrolls of summoning
 V - 6 scrolls of silence
Potions
 c - 4 potions of attraction
 h - 5 potions of might
 q - 6 potions of resistance
 r - 2 potions of haste
 v - a potion of ambrosia
 w - 16 potions of curing
 x - 3 potions of lignification
 E - 6 potions of mutation
 P - 2 potions of enlightenment
 S - a potion of berserk rage
 X - 7 potions of brilliance
 Z - a potion of heal wounds


   Skills:
 O Level 27 Fighting
 - Level 2.6 Short Blades
 - Level 20.9(21.0) Maces & Flails
 - Level 3.1(14.1) Staves
 - Level 1.0 Ranged Weapons
 - Level 3.0 Throwing
 - Level 17.0 Armour
 - Level 18.3 Dodging
 - Level 0.2 Stealth
 + Level 17.6 Shields
 - Level 5.4 Unarmed Combat
 - Level 5.1 Spellcasting
 + Level 7.0 Necromancy
 - Level 2.0 Evocations


You had 26 spell levels left.
You knew the following spells:

 Your Spells              Type           Power      Damage    Failure   Level
a - Animate Dead          Necr           23%        N/A       36%         4

Your spell library contained the following spells:

 Spells                   Type           Power      Damage    Failure   Level
 Necrotise                Necr           92%        1d8       6%          1
 Sublimation of Blood     Necr           23%        N/A       9%          2
 Vampiric Draining        Necr           23%        2d7       14%         3
 Cigotuvi's Dreadful Rot  Necr/Alch/Air  20%        N/A       36%         2
 Dispel Undead            Necr           23%        3d12      36%         4
 Apportation              Tloc           6%         N/A       52%         1
 Magic Dart               Conj           12%        1d3       52%         1
 Sting                    Conj/Alch      12%        1d3       52%         1
 Summon Small Mammal      Summ           12%        N/A       52%         1
 Blink                    Tloc           6%         N/A       65%         2
 Call Imp                 Summ           6%         N/A       65%         2
 Mercury Vapours          Alch/Air       6%         N/A       65%         2
 Scorch                   Fire           6%         2d5       65%         2
 Static Discharge         Conj/Air       6%         3-4/arc   65%         2
 Curse of Agony           Necr           23%        N/A       67%         5
 Martyr's Knell           Necr/Summ      13%        N/A       78%         4
 Call Canine Familiar     Summ           3%         N/A       85%         3
 Frozen Ramparts          Ice            6%         1d1       85%         3
 Hailstorm                Conj/Ice       3%         3d5       85%         3
 Inner Flame              Hex/Fire       3%         N/A       85%         3
 Mephitic Cloud           Conj/Alch/Air  3%         N/A       85%         3
 Ozocubu's Armour         Ice            3%         N/A       85%         3
 Summon Ice Beast         Ice/Summ       3%         N/A       85%         3
 Borgnjor's Vile Clutch   Necr/Erth      6%         N/A       98%         5
 Airstrike                Air            1%         2d(1-17)  99%         4
 Brom's Barrelling Bould  Conj/Erth      3%         2d3       99%         4
 Flame Wave               Conj/Fire      3%         2d5       99%         4
 Leda's Liquefaction      Alch/Erth      1%         N/A       99%         4
 Olgreb's Toxic Radiance  Alch           3%         N/A       99%         4
 Petrify                  Alch/Erth      3%         N/A       99%         4
 Sticky Flame             Fire/Alch      3%         2d4       99%         4
 Summon Blazeheart Golem  Fire/Summ      3%         N/A       99%         4
 Summon Lightning Spire   Summ/Air       3%         N/A       99%         4
 Vhi's Electric Charge    Tloc/Air       6%         N/A       99%         4
 Alistair's Intoxication  Alch           2%         N/A       100%        5
 Arcjolt                  Conj/Air       1%         1d11      100%        5
 Fireball                 Conj/Fire      1%         3d3       100%        5
 Freezing Cloud           Conj/Ice/Air   1%         6-21      100%        5
 Irradiate                Conj/Alch      1%         3d12      100%        5
 Iskenderun's Battlesphe  Conj           3%         2d6       100%        5
 Metabolic Englaciation   Hex/Ice        1%         N/A       100%        5
 Conjure Ball Lightning   Conj/Air       1%         3x3d6     100%        6
 Eringya's Noxious Bog    Alch           1%         4d6       100%        6
 Plasma Beam              Fire/Air       1%         2x1d11    100%        6
 Sculpt Simulacrum        Ice/Alch       1%         N/A       100%        6
 Starburst                Conj/Fire      1%         6d3       100%        6
 Haunt                    Necr/Summ      6%         N/A       100%        7
 Orb of Destruction       Conj           1%         9d5       100%        7
 Ozocubu's Refrigeration  Ice            1%         4d7       100%        7
 Spellforged Servitor     Conj/Summ      1%         N/A       100%        7
 Discord                  Hex            1%         N/A       100%        8
 Infestation              Necr           11%        N/A       100%        8


Dungeon Overview and Level Annotations

Branches:
Dungeon (15/15)            Temple (1/1) D:5            Lair (5/5) D:11
 Shoals (4/4) Lair:2        Snake (4/4) Lair:2        Slime (5/5) Lair:5
    Orc (2/2) D:9             Elf (3/3) Orc:2        Vaults (1/5) D:14
 Depths (4/4) D:15           Hell (visited)             Zot (1/5) Depths:4
  IceCv (visited)
    Dis: Hell:1         Geh: Hell:1         Coc: Hell:1         Tar: Hell:1

Altars:
Ashenzari
Cheibriados
Dithmenos
Elyvilon
Fedhas
Gozag
Hepliaklqana
Kikubaaqudgha
Makhleb
Nemelex Xobeh
Okawaru
Qazlal
Ru
Sif Muna
Trog
Uskayaw
Vehumet
Wu Jian
Xom
Yredelemnul
Zin
The Shining One
Jiyva

Shops:
D:7 :   D:8 *(   D:14 *![*[   Orc:1 *   Orc:2 ?:((   Elf:1 ?   Elf:3 (!
Shoals:2 *   Shoals:3 :(   Depths:2 ((=

Portals:
Hell: Depths:1 Depths:2 Depths:3 Depths:4
Abyss: Depths:3 Depths:4
Pandemonium: Depths:2

Annotations:
D:7 3 runed translucent doors, Jeremiah
Temple 4 transporters
Lair:1 exclusion: oklob plant
Shoals:1 Mlioglotl
Slime:5 Royal Jelly
Depths:4 3 runed translucent doors, Xutext's ghost, adept DsAK
Hell Geryon


Innate Abilities, Weirdness & Mutations

You have a pair of horns on your head.
You reflexively headbutt those who attack you in melee.
You have razor-sharp toenails.
You are mostly covered in iridescent scales. (AC +4)
You have an unnaturally thin skeletal structure. (Dex +6, Stealth+++)
Your mind is acute. (Int +4, Str/Dex -1)
You are resistant to electric shocks. (rElec)
Your spells are harder to cast, but more powerful.
You have acidic saliva.
Your gelatinous body deflects attacks. (AC +3, EV +3)
You have a small jelly attached to you that may absorb projectiles.
You expend magic power (3 MP) to strengthen your wands.


Message History

You shudder from the blast and a jelly pops out!
Your quicksilver ooze convulses!
The deep elf death mage convulses!
The deep elf sorcerer howls an incantation.
The deep elf sorcerer shimmers violently.
The deep elf demonologist gestures wildly while chanting.
Send 'em back where they came from!
Your quicksilver ooze dissolves into a puddle of slime!
The deep elf high priest calls down the wrath of its god upon you.
Something smites you!
The deep elf demonologist gestures wildly while chanting.
The blizzard demon waves its arms in wide circles.
The air twists around and strikes you.
The deep elf sorcerer shouts, "You are history!"
The deep elf high priest invokes the aid of its god against you.
Something smites you!
The deep elf demonologist gestures wildly while chanting. x2
The deep elf high priest invokes the aid of its god against you.
Something smites you!
* * * LOW HITPOINT WARNING * * *
The deep elf pyromancer points at you and mumbles some strange words.
The pyre arrow hits you.
You are covered in intense liquid fire!
The deep elf demonologist mumbles some strange words.
You shake off some of the fire as you move.
The liquid fire burns you!
* * * LOW HITPOINT WARNING * * *
You shake off some of the fire as you move.
The liquid fire burns you!
* * * LOW HITPOINT WARNING * * *
You feel better. The liquid fire burns you!
* * * LOW HITPOINT WARNING * * *
The deep elf pyromancer casts a spell.
The deep elf pyromancer blinks!
Unknown command.
As you read the scroll of teleportation, it crumbles to dust.
You feel strangely unstable. The liquid fire burns you!
You die...

#....####...............).......
###.....'..J....................
#.#####..J....................
#.# #...................)... #.#
#..........#............ ####'##
##........###...........
#.....## #++####''###'####''###'
.......####....e.....#.# #..###.
........'.......@....#.##
#......
#.......'......##........
..#####
##......#.###..##.##........
##.....#'###..##.# ##..### #####
#+##.....##..#..# .# #....
###########e## ##### #...2...#
#..41*e...# #....4.e.e....#


You could see a deep elf pyromancer (empowered).

Vanquished Creatures
  Mara (Shoals:4)
  A juggernaut (Depths:2)
  A royal mummy (Zig:4)
  Vashnia (Snake:4)
  2 caustic shrikes (Depths:3)
  3 golden dragons
  A pandemonium lord (Zig:3)
  7 bone dragons
  An electric golem (Depths:4)
  3 tentacled monstrosities
  4 hellephants
  A Brimstone Fiend (Zig:3)
  Jorgrun (Shoals:1)
  A walking frostbound tome (Depths:3)
  Rupert (D:13)
  An Ice Fiend (IceCv)
  A walking divine tome (Depths:3)
  A quicksilver dragon (Depths:4)
  A deep elf blademaster (Depths:3)
  An eldritch tentacle (Zig:3)
  2 sphinxes
  A kraken (Shoals:4)
  A death cob (Depths:4)
  Agnes (D:15)
  Kirke (Shoals:1)
  Aizul (Snake:2)
  Roxanne (D:14)
  5 nagarajas (Snake:4)
  3 storm dragons (Depths:3)
  A shadow dragon (Depths:3)
  2 draconian knights
  4 tengu reavers (Depths:3)
  4 frost giants
  A deep elf elementalist (Depths:3)
  7 fire giants
  A balrug (Depths:2)
  An iron dragon (Depths:2)
  A vault warden (Vaults:1)
  4 ironbound thunderhulks (Vaults:1)
  A draconian annihilator (Depths:4)
  2 ironbound preservers (Vaults:1)
  A vampire knight (D:15)
  15 very ugly things
  10 stone giants
  A yellow draconian (Depths:4)
  A black draconian (Depths:4)
  4 deep elf demonologists (Depths:3)
  A deep elf annihilator (Depths:3)
  3 white draconians (Depths:4)
  A minotaur (Shoals:4)
  2 bennus (Zig:4)
  3 red draconians (Depths:4)
  4 ettins
  A merfolk javelineer (Shoals:4)
  5 merfolk impalers
  An entropy weaver (shapeshifter) (D:15)
  14 fire dragons
  9 ice dragons
  A hell beast (Zig:3)
  4 rakshasas
  8 hydras
  4 ogre magi (Orc:2)
  4 salamander tyrants
  17 anacondas
  Erica (D:9)
  3 merfolk avatars
  6 centaur warriors
  2 merfolk aquamancers
  16 two-headed ogres
  7 dancing weapons
  9 tengu warriors
  10 satyrs
  3 deep troll earth magi
  8 death yaks
  3 boulder beetles
  4 deep troll shamans
  9 hell hogs (Depths:4)
  A vampire mage (Depths:2)
  15 naga warriors
  23 naga sharpshooters
  5 shock serpents
  5 occultists
  A sun demon (Depths:3)
  10 hell knights
  5 orc high priests
  12 deep elf knights
  5 iron trolls
  8 skysharks
  A spriggan berserker (Depths:3)
  A golden dragon zombie (Zig:4)
  8 skeletal warriors (D:15)
  4 salamander mystics
  Lodul (D:13)
  9 sea snakes
  A swamp dragon (Depths:3)
  2 arcanists (Vaults:1)
  A bog body (IceCv)
  9 naga ritualists
  13 deep elf archers
  11 mana vipers
  13 deep trolls
  9 spriggan simulacra (IceCv)
  2 flayed ghosts
  2 necromancers (Depths:2)
  3 ironbound convokers (Vaults:1)
  An obsidian statue (IceCv)
  5 orc knights
  A tengu zombie (Depths:1)
  2 lindwurms (Vaults:1)
  2 phantasmal warriors (D:15)
  23 ugly things
  19 harpies
  17 salamanders
  28 deep elf pyromancers
  15 deep elf zephyrmancers
  An orc sorcerer (Orc:1)
  10 fauns
  A frost giant zombie (Depths:1)
  11 manticores
  6 merfolk sirens
  2 kobold blastminers (Orc:1)
  2 moths of wrath (Depths:4)
  7 cyclopes
  12 guardian serpents
  53 black mambas
  6 water nymphs
  6 elephants
  20 naga magi
  4 vault sentinels (Vaults:1)
  A molten gargoyle (Depths:3)
  A torpor snail (Lair:5)
  A storm dragon simulacrum (Depths:3)
  A titan simulacrum (Depths:3)
  12 cane toads
  An unseen horror (D:13)
  6 ice devils (IceCv)
  7 freezing wraiths
  7 rime drakes
  9 komodo dragons
  4 tengu conjurers
  A golden dragon simulacrum (Depths:3)
  10 trolls
  20 merfolk
  A hornet (shapeshifter) (Elf:2)
  An iron dragon simulacrum (Depths:3)
  5 wind drakes
  10 blink frogs
  2 snapping turtles
  2 alligator simulacra (IceCv)
  8 dream sheep
  2 centaur simulacra
  2 slime creatures (D:13)
  44 yaks
  3 shadows
  An air elemental (Elf:1)
  3 wraiths
  15 water elementals
  A dire elephant simulacrum (IceCv)
  3 vampires
  2 basilisks
  3 hogs (Shoals:1)
  13 wargs
  3 wyverns
  A fire elemental (D:13)
  3 vampire mosquitoes (D:15)
  4 minotaur simulacra (IceCv)
  A redback simulacrum (D:14)
  A harpy simulacrum (IceCv)
  2 redbacks (Vaults:1)
  43 nagas
  3 acid dragons
  20 water moccasins
  A hydra simulacrum (IceCv)
  3 hell hounds (D:13)
  An ice beast (D:7)
  2 ettin simulacra (IceCv)
  21 orc warriors
  3 black bears
  A sky beast (D:6)
  17 ogres
  3 boggarts (D:15)
  23 wolves
  16 centaurs
  2 phantoms (D:6)
  2 kobold brigands
  2 gnoll sergeants
  19 bullfrogs
  8 scorpions
  Blork the orc (D:5)
  6 deep troll simulacra (IceCv)
  3 earth elementals
  12 wights
  5 killer bees (D:10)
  3 lindwurm simulacra (IceCv)
  An electric eel (Lair:3)
  6 howler monkeys
  4 jellies
  3 hounds
  3 bombardier beetles
  A gnoll bouda (D:7)
  24 orc priests
  Jessica (D:3)
  2 sleepcaps
  5 iguanas
  24 orc wizards
  2 human simulacra (D:11)
  A mummy (Zig:4)
  19 gnolls
  4 adders
  2 shadow imps (D:7)
  2 white imps (D:7)
  4 ufetubi (D:6)
  2 dart slugs
  2 ribbon worms
  81 orcs
  5 bats
  5 endoplasms
  2 giant cockroaches
  7 goblins
  7 hobgoblins
  3 jackals (D:1)
  14 kobolds
  13 quokkas
  8 ball pythons
  4 frilled lizards
  4 rats
  2 tentacles (Shoals:4)
1412 creatures vanquished.

Vanquished Creatures (collateral kills)
  A death scarab (Zig:4)
  An orc warrior (Orc:1)
  An orc priest (Orc:1)
  An orc wizard (Orc:1)
4 creatures vanquished.

Vanquished Creatures (others)
  A Brimstone Fiend (Depths:2)
  3 acid blobs
  2 azure jellies (Depths:3)
  A fire giant (Depths:2)
  An orc warlord (Vaults:1)
  A formless jellyfish (Vaults:1)
  Azrael (D:13)
  Nessos (D:13)
  A minotaur (Shoals:4)
  A deep elf high priest (Vaults:1)
  An ice dragon (Depths:3)
  A satyr (Shoals:4)
  A naga sharpshooter (Snake:4)
  A hell hog (Depths:2)
  An occultist (Depths:2)
  2 hell knights
  A lindwurm (Vaults:1)
  2 ironbound convokers (Vaults:1)
  A deep elf zephyrmancer (Depths:3)
  2 harpies (Vaults:1)
  A deep elf pyromancer (Elf:1)
  A manticore (Shoals:4)
  A merfolk siren (Shoals:4)
  A titan simulacrum (Depths:3)
  A naga mage (Snake:4)
  A rime drake (Lair:5)
  A wind drake (Depths:3)
  14 slime creatures
  A wraith (D:13)
  A basilisk (D:15)
  A swamp worm (shapeshifter) (Depths:4)
  2 hell hounds (D:13)
  84 jellies
  2 orc priests (Orc:2)
  2 orc wizards
  4 orcs (Orc:2)
  A butterfly (D:14)
  3 tentacles (Shoals:4)
148 creatures vanquished.

Grand Total: 1564 creatures vanquished

Notes
Turn   | Place    | Note
-------+----------+-------------------------------------------
     0 | D:1      | dialectric the Minotaur Wanderer began the quest for the
                  | Orb.
     0 | D:1      | dialectric set off with the following items: a +0
                  | quarterstaff, a potion of invisibility, a potion of heal
                  | wounds, 15 poisoned darts, a +0 dagger, a scroll of fog, a
                  | +0 leather armour.
     0 | D:1      | Reached XP level 1. HP: 16/16 MP: 0/0
    79 | D:1      | Reached skill level 2 in Fighting
    88 | D:1      | Reached skill level 1 in Dodging
    88 | D:1      | Reached XP level 2. HP: 24/24 MP: 1/1
   370 | D:1      | Reached skill level 1 in Armour
   563 | D:1      | Reached XP level 3. HP: 25/29 MP: 2/2
   811 | D:1      | Found a faded altar of an unknown god.
  2151 | D:2      | Reached XP level 4. HP: 36/36 MP: 3/3
  2305 | D:3      | Found a shimmering altar of Xom.
  2364 | D:3      | Reached XP level 5. HP: 38/42 MP: 4/4
  2516 | D:3      | Reached skill level 5 in Armour
  2516 | D:3      | Reached XP level 6. HP: 50/50 MP: 5/5
  2538 | D:3      | Noticed Jessica
  2545 | D:3      | Killed Jessica
  2546 | D:3      | Reached skill level 3 in Fighting
  2969 | D:4      | Found a broken altar of Ashenzari.
  3636 | D:4      | Reached XP level 7. HP: 36/57 MP: 6/6
  3927 | D:5      | Entered Level 5 of the Dungeon
  4236 | D:5      | Noticed Blork the orc
  4246 | D:5      | Killed Blork the orc
  4247 | D:5      | Reached skill level 4 in Fighting
  4485 | D:5      | Found a staircase to the Ecumenical Temple.
  4502 | Temple   | Found a transporter.
  4502 | Temple   | Found a transporter.
  4502 | Temple   | Found a transporter.
  4502 | Temple   | Found a transporter.
  4502 | Temple   | Entered the Ecumenical Temple
  4564 | D:6      | Reached XP level 8. HP: 60/66 MP: 7/7
  4782 | D:6      | Reached skill level 5 in Fighting
  4782 | D:6      | Reached skill level 10 in Armour
  5393 | D:6      | Reached skill level 1 in Short Blades
  5396 | D:6      | Reached skill level 6 in Fighting
  5561 | D:6      | Reached XP level 9. HP: 68/75 MP: 8/8
  5601 | D:6      | Found an iron altar of Okawaru.
  5866 | D:6      | Reached skill level 5 in Dodging
  6060 | D:7      | Reached skill level 7 in Fighting
  6313 | D:7      | Found Imakkis's Tiny Tomes.
  6335 | D:7      | Reached skill level 8 in Fighting
  6385 | D:7      | Found a bloodstained altar of Trog.
  6387 | D:7      | Found a sparkling altar of Nemelex Xobeh.
  6387 | D:7      | Found a hide-covered altar of Uskayaw.
  6569 | D:7      | Reached skill level 1 in Maces & Flails
  6990 | D:7      | Identified the +8 short sword of the Caustic God {heavy,
                  | rN+ rCorr Str-4 Int+3}
  7107 | D:7      | Found a runed translucent door.
  7120 | D:7      | Found a runed translucent door.
  7120 | D:7      | Found a runed translucent door.
  7120 | D:7      | Noticed Jeremiah
  7246 | D:8      | Learned a level 4 spell: Animate Dead
  7550 | D:8      | Reached skill level 9 in Fighting
  7553 | D:8      | Reached XP level 10. HP: 63/90 MP: 9/9
  7730 | D:8      | Found Xiskaoloy's Changing Room.
  7838 | D:8      | Found a white marble altar of Elyvilon.
  7896 | D:8      | Found Ecrahaleo's Antique Weapon Shop.
  8649 | D:9      | Noticed Erica
  8679 | D:10     | Entered Level 10 of the Dungeon
  9056 | D:10     | Reached skill level 5 in Maces & Flails
  9114 | D:10     | Reached skill level 10 in Fighting
  9855 | D:9      | Found a staircase to the Orcish Mines.
  9889 | D:9      | Killed Erica
  9890 | D:9      | Reached skill level 11 in Fighting
 10491 | D:11     | Found a staircase to the Lair.
 10491 | D:11     | Noticed a manticore
 10507 | D:11     | Killed a manticore
 10508 | D:11     | Reached skill level 1 in Evocations
 10536 | D:11     | Reached XP level 11. HP: 59/102 MP: 10/10
 11069 | D:11     | Noticed a two-headed ogre
 11077 | D:11     | Killed a two-headed ogre
 11141 | D:11     | Noticed a two-headed ogre
 11151 | D:11     | Killed a two-headed ogre
 11152 | D:11     | Reached skill level 12 in Fighting
 12175 | D:12     | Noticed a two-headed ogre
 12176 | D:12     | Noticed a two-headed ogre
 12183 | D:12     | Killed a two-headed ogre
 12184 | D:12     | Reached skill level 13 in Fighting
 12190 | D:12     | Killed a two-headed ogre
 12673 | D:13     | Reached skill level 10 in Maces & Flails
 12766 | D:13     | Noticed a red ugly thing
 13199 | D:13     | Noticed a centaur warrior
 13226 | D:13     | Killed a centaur warrior
 13410 | D:13     | Reached XP level 12. HP: 96/115 MP: 11/11
 13968 | Orc:1    | Entered Level 1 of the Orcish Mines
 13977 | Orc:1    | Found Alelonuaf's General Store.
 14057 | Orc:1    | Bought a potion of heal wounds for 70 gold pieces
 14654 | Lair:1   | Entered Level 1 of the Lair of Beasts
 15291 | Lair:1   | Found a blossoming altar of Fedhas.
 15635 | Lair:2   | Found a staircase to the Snake Pit.
 15752 | Lair:2   | Reached skill level 14 in Fighting
 15954 | Lair:2   | Noticed a death yak
 15975 | Lair:2   | Killed a death yak
 16253 | Lair:2   | Reached XP level 13. HP: 108/124 MP: 12/12
 16414 | Lair:2   | Identified the +11 orcbow of Extinguishment {freeze, Str-4
                  | Dex+6 Stlth+}
 16526 | Lair:2   | Found a staircase to the Shoals.
 18001 | Lair:3   | Reached skill level 15 in Maces & Flails
 18675 | Lair:4   | Identified a scroll of acquirement
 18675 | Lair:4   | Acquired the amulet of Henotheism {Reflect Str+4 SH+5}
 19014 | Lair:5   | Entered Level 5 of the Lair of Beasts
 19160 | Lair:5   | Reached skill level 1 in Ranged Weapons
 19160 | Lair:5   | Reached skill level 10 in Dodging
 19681 | Lair:5   | Reached skill level 15 in Fighting
 19692 | Lair:5   | Reached skill level 1 in Shields
 19886 | Lair:5   | Found a viscous altar of Jiyva.
 19886 | Lair:5   | Found a staircase to the Slime Pits.
 19901 | Lair:5   | Became a worshipper of Jiyva Joiklunt the Shapeless
 20318 | Lair:5   | Reached XP level 14. HP: 104/135 MP: 13/13
 20716 | Lair:5   | Reached * piety under Jiyva
 20899 | Lair:5   | Found a burning altar of Makhleb.
 20992 | Snake:1  | Entered Level 1 of the Snake Pit
 21567 | Orc:2    | Entered Level 2 of the Orcish Mines
 21605 | Orc:1    | Reached skill level 16 in Fighting
 21776 | Orc:2    | Found a staircase to the Elven Halls.
 22463 | D:13     | Noticed Rupert
 22465 | D:13     | Noticed Nessos
 22466 | D:13     | Noticed Azrael
 22490 | D:13     | Reached ** piety under Jiyva
 22497 | D:15     | Entered Level 15 of the Dungeon
 22531 | D:15     | Reached skill level 5 in Shields
 23010 | D:15     | Reached *** piety under Jiyva
 23029 | D:15     | Reached skill level 17 in Fighting
 23360 | D:14     | Found a white marble altar of Elyvilon.
 23360 | D:14     | Gained mutation: You expend magic power (3 MP) to
                  | strengthen your wands. [Jiyva's grace]
 23360 | D:14     | Gained mutation: Your system is resistant to poisons.
                  | (rPois) [Jiyva's grace]
 23360 | D:14     | Gained mutation: You are somewhat resistant to further
                  | mutation. [Jiyva's grace]
 23360 | D:14     | Gained mutation: You are somewhat resistant to both further
                  | mutation and mutation removal. [Jiyva's grace]
 23437 | D:14     | Found Eppur's Distillery.
 23440 | D:14     | Bought a potion of heal wounds for 95 gold pieces
 23442 | D:14     | Found a stormy altar of Qazlal.
 23446 | D:14     | Found Eghudy's Armour Boutique.
 23495 | D:14     | Bought a +0 cloak of poison resistance for 161 gold pieces
 23699 | D:14     | Reached XP level 15. HP: 123/147 MP: 14/14
 23717 | D:13     | Noticed Lodul
 23724 | D:13     | Killed Lodul
 23738 | D:13     | Killed Azrael
 23818 | D:13     | Paralysed by Rupert for 5 turns
 23829 | D:13     | Killed Rupert
 23852 | D:13     | Killed Nessos
 23999 | D:13     | Reached **** piety under Jiyva
 24145 | D:14     | Noticed Roxanne
 24212 | D:15     | Noticed Agnes
 24245 | D:15     | Killed Agnes
 24538 | D:14     | Found Ironyoth's General Store.
 24546 | D:14     | Bought the +5 morningstar "Beetleslayer" {heavy, rC+ Int-5
                  | Dex+8 Stlth-} for 766 gold pieces
 24551 | D:14     | Found Lerhifar's Assorted Antiques.
 24568 | D:14     | Found Upniascha's Armour Shoppe.
 24571 | D:14     | Reached skill level 18 in Fighting
 24812 | D:14     | Found a gate to the Vaults.
 24823 | D:14     | Killed Roxanne
 25312 | Orc:2    | Found Daogripp's Magic Scroll Boutique.
 25320 | Orc:2    | Bought a scroll of blinking for 127 gold pieces
 25320 | Orc:2    | Bought a scroll of blinking for 127 gold pieces
 25403 | Orc:2    | Reached skill level 15 in Armour
 25437 | Orc:2    | Found Namaryev's Antique Weapon Boutique.
 25510 | Orc:2    | Found Hamet's Vocational Training.
 25611 | Orc:2    | Found Jeyceix's Antique Weapon Shop.
 25776 | Elf:1    | Entered Level 1 of the Elven Halls
 26098 | D:15     | Reached ***** piety under Jiyva
 26101 | D:15     | Found a staircase to the Depths.
 26406 | Depths:1 | Entered Level 1 of the Depths
 26419 | D:15     | Reached skill level 19 in Fighting
 26422 | Depths:1 | Noticed a sphinx
 26448 | D:15     | Killed a sphinx
 26466 | Depths:1 | Identified the +2 pair of gloves "Huerag" {Str+4}
 26532 | D:15     | Reached XP level 16. HP: 95/160 MP: 15/15
 26572 | Depths:1 | Lost mutation: You are somewhat resistant to both further
                  | mutation and mutation removal. [Jiyva's grace]
 26572 | Depths:1 | Gained mutation: You are agile. (Dex +4, Str/Int -1)
                  | [Jiyva's grace]
 26572 | Depths:1 | Gained mutation: You are very agile. (Dex +8, Str/Int -2)
                  | [Jiyva's grace]
 26572 | Depths:1 | Gained mutation: You have large cloven feet. [Jiyva's
                  | grace]
 26572 | Depths:1 | Gained mutation: You have hoof-like feet. [Jiyva's grace]
 26616 | Depths:1 | Reached skill level 10 in Shields
 27012 | Depths:1 | Found a basalt altar of Yredelemnul.
 27212 | Depths:1 | Found a gateway to Hell.
 27708 | Shoals:1 | Entered Level 1 of the Shoals
 27798 | Shoals:1 | Noticed Jorgrun
 27806 | Shoals:1 | Killed Jorgrun
 27833 | Shoals:1 | Noticed Mlioglotl
 28114 | Shoals:2 | Found a transporter.
 28114 | Shoals:2 | Found Niwuk's Assorted Antiques.
 28118 | Shoals:2 | Found a transporter.
 28139 | Shoals:2 | Bought a potion of heal wounds for 155 gold pieces
 28261 | Shoals:1 | Noticed Kirke
 28273 | Shoals:1 | Killed Kirke
 28474 | Slime:1  | Entered Level 1 of the Pits of Slime
 28844 | Snake:2  | Lost mutation: You have hoof-like feet. [Jiyva's grace]
 28844 | Snake:2  | Lost mutation: You have large cloven feet. [Jiyva's grace]
 28844 | Snake:2  | Gained mutation: You have sharp toenails. [Jiyva's grace]
 28844 | Snake:2  | Gained mutation: You have razor-sharp toenails. [Jiyva's
                  | grace]
 28844 | Snake:2  | Gained mutation: You have claws for feet. [Jiyva's grace]
 28844 | Snake:2  | Gained mutation: Your rubbery body absorbs attacks. (AC +1,
                  | EV +1) [Jiyva's grace]
 28872 | Snake:2  | Reached XP level 17. HP: 168/168 MP: 16/16
 29151 | Snake:1  | Identified the +1 falchion "Jubbas" {pain, rC+ Will++
                  | Str-3}
 29469 | Snake:2  | Reached ****** piety under Jiyva
 29481 | Snake:2  | Reached skill level 20 in Fighting
 30183 | Snake:2  | Identified the serpent talisman "Dig Gude" {rC- MP+9 Str+3
                  | Dex+10}
 30183 | Snake:2  | Noticed Aizul
 30198 | Snake:2  | Killed Aizul
 30403 | Slime:4  | Noticed an acid blob
 30411 | Slime:5  | Entered Level 5 of the Pits of Slime
 30524 | Slime:5  | Noticed an acid blob
 30526 | Slime:5  | Noticed an acid blob
 30540 | Slime:5  | Noticed the Royal Jelly
 30541 | Slime:5  | Found a viscous altar of Jiyva.
 30542 | Slime:5  | Noticed an acid blob
 30543 | Slime:5  | Noticed an acid blob
 30546 | Slime:5  | Identified the +12 quarterstaff of Skirmishing {heavy,
                  | Dex+2}
 30549 | Slime:5  | Identified the ring of Qyerar {rElec rF+++ rC- EV+5 Dex+3}
 30574 | Slime:5  | Identified the +9 rapier "Gicliumi" {drain, rF+ rN+ Str-2
                  | SInv}
 30576 | Slime:5  | Got a starry gem with 326 turns to spare
 30580 | Slime:5  | Got a slimy rune of Zot
 30611 | Slime:5  | Noticed an acid blob
 30641 | Slime:5  | Noticed an acid blob
 30643 | Slime:5  | Noticed an acid blob
 30651 | Slime:5  | Noticed an acid blob
 30985 | Slime:5  | Identified the +0 ring mail of Hedge Wizardry {Rampage
                  | Str+3 Dex-4}
 30990 | Slime:5  | Got the Tome of Snowy Unhallowed Magic
 31711 | Snake:3  | Lost mutation: You have claws for feet. [Jiyva's grace]
 31711 | Snake:3  | Lost mutation: You are somewhat resistant to further
                  | mutation. [Jiyva's grace]
 31711 | Snake:3  | Gained mutation: Your spells are a little harder to cast,
                  | but a little more powerful. [Jiyva's grace]
 31711 | Snake:3  | Gained mutation: Your spells are harder to cast, but more
                  | powerful. [Jiyva's grace]
 31711 | Snake:3  | Gained mutation: Your spells are much harder to cast, but
                  | much more powerful. [Jiyva's grace]
 31711 | Snake:3  | Gained mutation: You are partially covered in iridescent
                  | scales. (AC +2) [Jiyva's grace]
 32287 | Snake:4  | Entered Level 4 of the Snake Pit
 32419 | Snake:4  | Reached skill level 15 in Shields
 32734 | Snake:4  | Reached skill level 15 in Dodging
 32737 | Snake:4  | Reached XP level 18. HP: 178/178 MP: 17/17
 32828 | Snake:4  | Noticed Vashnia
 32874 | Snake:4  | Killed Vashnia
 33018 | Snake:4  | Reached skill level 1 in Necromancy
 33318 | Snake:4  | Got a serpentine rune of Zot
 33758 | Vaults:1 | Entered Level 1 of the Vaults
 34141 | Depths:2 | Found an ornate altar of the Wu Jian Council.
 34218 | Depths:2 | Found Meurur's Jewellery Emporium.
 34294 | Depths:2 | Lost mutation: You are very agile. (Dex +8, Str/Int -2)
                  | [Jiyva's grace]
 34294 | Depths:2 | Lost mutation: Your system is resistant to poisons. (rPois)
                  | [Jiyva's grace]
 34294 | Depths:2 | Gained mutation: Your system is resistant to poisons.
                  | (rPois) [Jiyva's grace]
 34294 | Depths:2 | Gained mutation: You have a small jelly attached to you
                  | that may absorb projectiles. [Jiyva's grace]
 34294 | Depths:2 | Gained mutation: You are mostly covered in iridescent
                  | scales. (AC +4) [Jiyva's grace]
 34294 | Depths:2 | Gained mutation: You are completely covered in iridescent
                  | scales. (AC +6) [Jiyva's grace]
 34295 | Depths:2 | Found Avysul's Antique Weapon Shoppe.
 34349 | Depths:2 | Reached skill level 21 in Fighting
 34367 | Depths:2 | Identified the amulet of Ecwonath {Spirit *Slow Will+
                  | Int+2}
 34408 | Depths:2 | Reached XP level 19. HP: 189/189 MP: 18/18
 34622 | Depths:2 | Found Esuten's Antique Weapon Shoppe.
 34657 | Depths:2 | Noticed a juggernaut
 34664 | Depths:2 | Killed a juggernaut
 34750 | Depths:2 | Noticed a golden dragon
 34755 | Depths:2 | Killed a golden dragon
 34938 | Depths:2 | Found a one-way gate leading to the halls of Pandemonium.
 35107 | Depths:3 | Noticed a hellephant
 35111 | Depths:3 | Noticed a Brimstone Fiend
 35113 | Depths:3 | Noticed a hellephant
 35138 | Depths:2 | Killed a hellephant
 35182 | Depths:2 | Killed a Brimstone Fiend
 35291 | Depths:3 | Noticed a hellephant
 35317 | Depths:2 | Killed a hellephant
 35371 | Depths:3 | Reached skill level 1 in Spellcasting
 35405 | Depths:2 | Killed a hellephant
 35455 | Depths:3 | Noticed a bone dragon
 35455 | Depths:3 | Noticed a bone dragon
 35464 | Depths:3 | Killed a bone dragon
 35475 | Depths:3 | Killed a bone dragon
 35476 | Depths:3 | Reached skill level 5 in Necromancy
 35497 | Depths:3 | Noticed a bone dragon
 35516 | Depths:3 | Noticed a bone dragon
 35520 | Depths:3 | Killed a bone dragon
 35520 | Depths:3 | Noticed a golden dragon
 35522 | Depths:3 | Noticed a bone dragon
 35534 | Depths:3 | Killed a bone dragon
 35587 | Depths:2 | Killed a bone dragon
 35599 | Depths:3 | Killed a golden dragon
 35626 | Depths:3 | Noticed a caustic shrike
 35634 | Depths:3 | Killed a caustic shrike
 35651 | Depths:3 | Noticed a caustic shrike
 35655 | Depths:3 | Killed a caustic shrike
 35660 | Depths:3 | Noticed a shard shrike
 35671 | Depths:3 | Slimified a shard shrike
 35671 | Depths:3 | a shard shrike changed into an acid blob
 35686 | Depths:3 | Reached skill level 22 in Fighting
 35701 | Depths:3 | Noticed a bone dragon
 35719 | Depths:3 | Killed a bone dragon
 35841 | Depths:3 | Identified the +8 hand axe "Vudgh" {venom, rN+}
 35907 | Depths:3 | Identified the ring of Libaupt {+Blink rF+ Int+7}
 35916 | Depths:3 | Identified the staff of Prudence {rElec rC+ rN+ Air}
 36128 | Depths:3 | Reached XP level 20. HP: 196/201 MP: 23/23
 36349 | Depths:3 | Found a one-way gate to the infinite horrors of the Abyss.
 36462 | Hell     | Entered the Vestibule of Hell
 36462 | Hell     | Noticed Geryon
 36623 | Depths:3 | Found the +1 cloak of Starlight {*Dazzle EV+4 Stlth--}
 36633 | Depths:3 | Got the Teachings on Pyromancy
 36645 | Depths:3 | Identified the +5 great sword of Tomorrow {freeze, Dex+2}
 36776 | Depths:4 | Entered Level 4 of the Depths
 36777 | Depths:4 | Found a runed translucent gate.
 36777 | Depths:4 | Found a runed translucent gate.
 36778 | Depths:4 | Found a runed translucent gate.
 36778 | Depths:4 | Lost mutation: You are agile. (Dex +4, Str/Int -1) [Jiyva's
                  | grace]
 36778 | Depths:4 | Gained mutation: You have a somewhat thin skeletal
                  | structure. (Dex +2, Stealth+) [Jiyva's grace]
 36778 | Depths:4 | Gained mutation: You have a moderately thin skeletal
                  | structure. (Dex +4, Stealth++) [Jiyva's grace]
 36778 | Depths:4 | Gained mutation: You have an unnaturally thin skeletal
                  | structure. (Dex +6, Stealth+++) [Jiyva's grace]
 36778 | Depths:4 | Gained mutation: Your mind is acute. (Int +4, Str/Dex -1)
                  | [Jiyva's grace]
 36778 | Depths:4 | Noticed a juggernaut
 36778 | Depths:4 | Noticed Xutext's ghost (adept DsAK)
 37065 | Depths:4 | Noticed a caustic shrike
 37140 | Depths:4 | Found a one-way gateway to a ziggurat.
 37265 | Depths:4 | Found a gate to the Realm of Zot.
 37265 | Depths:4 | Noticed a golden dragon
 37272 | Depths:4 | Noticed a bone dragon
 37302 | Depths:3 | Killed a golden dragon
 37309 | Depths:3 | Reached skill level 23 in Fighting
 37510 | Depths:4 | Killed a bone dragon
 37980 | Zig:1    | Entered Level 1 of a ziggurat
 38027 | Zig:2    | Entered Level 2 of a ziggurat
 38036 | Zig:2    | Identified the +7 great sword "Ucaec" {drain, rElec rC+
                  | Dex+4 Stlth-}
 38039 | Zig:3    | Entered Level 3 of a ziggurat
 38042 | Zig:3    | Noticed Mighutyi the pandemonium lord
 38056 | Zig:3    | Killed Mighutyi the pandemonium lord
 38138 | Zig:4    | Entered Level 4 of a ziggurat
 38141 | Zig:4    | Noticed a royal mummy
 38154 | Zig:4    | HP: 8/200 [golden dragon zombie (8)]
 38156 | Zig:4    | Killed a royal mummy
 38712 | Shoals:3 | Found Xeommin's Book Shoppe.
 38796 | Shoals:3 | Found Goeduaru's Weapon Emporium.
 38840 | Shoals:3 | Reached skill level 24 in Fighting
 39398 | Shoals:4 | Entered Level 4 of the Shoals
 39483 | Shoals:4 | Noticed Mara
 39486 | Shoals:4 | Noticed dialectric's illusion
 39502 | Shoals:4 | Killed Mara
 39526 | Shoals:4 | Reached skill level 25 in Fighting
 39631 | Shoals:4 | Reached skill level 5 in Spellcasting
 39664 | Shoals:4 | Reached XP level 21. HP: 218/218 MP: 27/27
 39744 | Shoals:4 | Paralysed by a sphinx for 5 turns
 39784 | Shoals:4 | Got a barnacled rune of Zot
 40015 | D:12     | Upgraded the game from 0.31.0-2-g5a2aebc5c2 to
                  | 0.31.0-4-g52a2dc7128
 40178 | Zot:1    | Entered Level 1 of the Realm of Zot
 40212 | Depths:4 | Reached skill level 26 in Fighting
 40565 | Elf:1    | Found Xotoino's Magic Scroll Shop.
 40612 | Elf:1    | Bought a scroll of teleportation for 60 gold pieces
 40612 | Elf:1    | Bought a scroll of teleportation for 60 gold pieces
 40612 | Elf:1    | Bought a scroll of teleportation for 60 gold pieces
 40612 | Elf:1    | Bought a scroll of fog for 80 gold pieces
 40617 | Elf:1    | Lost mutation: You are completely covered in iridescent
                  | scales. (AC +6) [Jiyva's grace]
 40617 | Elf:1    | Lost mutation: Your system is resistant to poisons. (rPois)
                  | [Jiyva's grace]
 40617 | Elf:1    | Lost mutation: Your spells are much harder to cast, but
                  | much more powerful. [Jiyva's grace]
 40617 | Elf:1    | Gained mutation: You are resistant to electric shocks.
                  | (rElec) [Jiyva's grace]
 40617 | Elf:1    | Gained mutation: Your pliable body absorbs attacks. (AC +2,
                  | EV +2) [Jiyva's grace]
 40617 | Elf:1    | Gained mutation: Your gelatinous body deflects attacks. (AC
                  | +3, EV +3) [Jiyva's grace]
 40617 | Elf:1    | Gained mutation: You have acidic saliva. [Jiyva's grace]
 41404 | Elf:2    | Reached skill level 27 in Fighting
 41441 | Elf:3    | Entered Level 3 of the Elven Halls
 41497 | Elf:3    | Found a glacial archway.
 41506 | IceCv    | Entered an ice cave
 41826 | IceCv    | HP: 10/224 [??? (8)]
 41934 | IceCv    | Identified the ring of Noon {*Slow rPois rN+ MP+9 Dex+3}
 41998 | Elf:3    | Found Qihuigos's Distillery.
 42001 | Elf:3    | Found Joqaf's Weapon Shoppe.
 42015 | Elf:3    | Bought a potion of heal wounds for 60 gold pieces
 42015 | Elf:3    | Bought a potion of berserk rage for 60 gold pieces
 42015 | Elf:3    | Bought a potion of curing for 36 gold pieces
 42015 | Elf:3    | Bought 2 potions of resistance for 240 gold pieces
 42015 | Elf:3    | Bought a potion of haste for 120 gold pieces
 42224 | Elf:3    | HP: 11/224 [burnt (19)]
 42225 | Elf:3    | Incinerated by a deep elf pyromancer

Illustrated notes

Levels and vault maps discovered:
D:1:      sevenhm_arrival_forest_fort_large_2, layout_loops_corners,
          shapermc_ecumenical_altar_acropolis, st_stairs_12,
          hangedman_decor_growths, grunt_decor_fettered, minmay_strange_pillars,
          minmay_misc_feat_cross, nicolae_figureground_pulse
D:2:      layout_basic, minmay_tromino_i4
D:3:      layout_rooms, mainiacjoe_overflow_alcove_1, minmay_circle_x,
          uniq_jessica
D:4:      layout_basic, cheibrodos_ashenzari_chains, grunt_decor_arrowhead,
          corexii_checkpoint, nrook_mini_vaults
D:5:      layout_basic, temple_hall, uniq_blork_the_orc
D:6:      layout_gridville, mainiacjoe_overflow_concentric_impassable,
          nicolae_twisty_statue_hallways
D:7:      minmay_the_grid_triangle_9x9_rhombus_full
          [minmay_the_grid_triangle_9x9_flanged_cone,
          minmay_the_grid_triangle_9x9_tough_junction,
          minmay_the_grid_triangle_9x9_intruding_spiral,
          minmay_the_grid_triangle_9x9_negative_grid,
          minmay_the_grid_triangle_9x9_subtriangle,
          minmay_the_grid_triangle_9x9_wacky_v,
          minmay_the_grid_triangle_9x9_sparse_checkered,
          minmay_the_grid_triangle_9x9_prize_center], layout_loops_corners,
          grunt_temple_overflow_diamond, nicolae_shop_i_like_small_books_too,
          minmay_a_box_with_orc_wizards_in_it, uniq_jeremiah
D:8:      layout_gridville, mainiacjoe_overflow_small_starburst, serial_shops,
          nicolae_stop_n_shop_1, nicolae_transmutations_shop
D:9:      layout_loops_ring, orc_0_dummy, uniq_erica
D:10:     layout_rooms
D:11:     layout_irregular_city, erik_lair_orcish_takeover, bh_circular_ruins
D:12:     layout_basic
D:13:     layout_long_grid, uniq_lodul, uniq_azrael, uniq_rupert, uniq_nessos
D:14:     layout_roguey [special_room_orc], hellmonk_vaults_attempted_burglary,
          nicolae_qazlal_general_emergency, serial_shops, shop,
          nicolae_shop_crystal, nicolae_shop_behind_doors, shop, shop_statue,
          nicolae_elyvilon_peaceful_grove, uniq_roxanne
D:15:     grunt_enter_depths_hoard, layout_basic, minmay_misc_feat_columns,
          uniq_agnes
Temple:   hellmonk_temple_divided_pantheon
Lair:1:   layout_small_grid, hangedman_tree_tricks
Lair:2:   layout_small_grid, elwin_shoals_entry_rooms, dummy_snake_entry,
          bh_autumn_forest_stairs, minmay_shattered_shrine, lemuel_fruit_fields
Lair:3:   beast_lair_carwin_large_1, layout_regular_city,
          infiniplex_staircase_pool_2, serial_bayou_shore_a, lemuel_fruit_fields
Lair:4:   layout_regular_city, grunt_megastairs_3
Lair:5:   evil_forest, layout_layer_cave, slime_entry_2, lemuel_fruit_tree
Shoals:1: layout_shoals, uniq_jorgrun, uniq_mlioglotl, uniq_kirke
Shoals:2: layout_shoals, serial_shops, nicolae_shop_drivethru
Shoals:3: layout_shoals, serial_shops, nicolae_take_the_stairs,
          nicolae_stop_n_shop_1
Shoals:4: shoals_end_hellmonk_lost_city, uniq_mara
Snake:1:  nicolae_snake_unarmed_stairs_patrol, layout_concentric_octagons,
          nicolae_snake_lava_pool
Snake:2:  layout_grid_maze, nicolae_triple_integral, grunt_megastairs_4,
          uniq_aizul
Snake:3:  layout_gridlike, minmay_snake_pond
Snake:4:  grunt_snake_rune_serpentine_throne, layout_gridlike, st_stairs_11,
          drop_trap, uniq_vashnia
Slime:1:  layout_caves
Slime:2:  layout_caves, nicolae_slime_rock_hall_of_fame
Slime:3:  layout_caves, cheibrodos_slime_lost_civilization_5
Slime:4:  layout_caves
Slime:5:  slime_pit_nicolae_block_by_block
Orc:1:    layout_caves, serial_shops, nicolae_shop_waterfront,
          nicolae_orc_all_along_the_watchtower
Orc:2:    st_orc_town, layout_diamond_mine, basic_altar, nicolae_shop_vocational
Elf:1:    minmay_elf_arrival_circle, layout_loops_corners, serial_shops, shop,
          minmay_elf_crystal_hexagon
Elf:2:    elven_hall_of_blades_hangedman_original [nooodl_blade_entry_preview],
          layout_geoelf_grid, uniq_saint_roka
Elf:3:    nooodl_elf_gasket, layout_gridlike,
          portal_ice_cave_entry_pillars_three, minmay_shop_star
Vaults:1: nicolae_vaults_triangles, nicolae_vaults_offset_grid_hallway_3,
          dpeg_vaults_monster_box, v_misc_15, st_spiral_rooms,
          nicolae_vaults_rhombus_6, vaults_room_semicircle,
          nicolae_vaults_cornered_office, ontoclasm_vaults_loading_screen,
          nicolae_vaults_sightless_eye, nicolae_vaults_diamond_2, v_misc_22,
          vaults_mumra_hex, layout_vaults_big_room, serial_shops,
          nicolae_shop_bloodbath_and_beyond
Depths:1: layout_cave_pools, grunt_hell_entry_dis_old, kennysheep_another_room,
          chequers_serial_rivers_micro_e, lemuel_zombie_altar_yredelemnul,
          serial_bayou_shore_b
Depths:2: nzn_winding_woodlands_three_and_one [nzn_winding_woodlands_5x15_eye,
          nzn_winding_woodlands_5x15_split_checker,
          nzn_winding_woodlands_5x15_zeroes,
          nzn_winding_woodlands_center_lodge], layout_honeycomb,
          pf_hell_entry_tar_spiral, pan_entry, serial_shops,
          nicolae_shop_window_shopping, nicolae_shop_tiny_glass, shop,
          nicolae_wu_jian_wuxing_cycle, minmay_staircase_statues
Depths:3: hellmonk_hyper_hexagons [hex_subvault_uneven, hex_subvault_spokes,
          hex_subvault_small_grid, hex_subvault_roundabout, hex_subvault_bowtie,
          hex_subvault_narrow], abyss_entry, hell_entry
Depths:4: grunt_zot_entry_funnels, layout_long_grid, enter_ziggurat_e,
          abyss_entry, roderic_serpentine_path, gammafunk_ghost_split,
          grunt_hell_horde, serial_bayou_shore_b
Hell
Zot:1:    layout_misc_corridors, regret_index_zotdec_twisting_globes

Skill      XL: |  1  2  3  4  5  6  7  8  9 10 11 12 13 14 15 16 17 18 19 20 21 |
---------------+----------------------------------------------------------------+-----
Fighting       | 2 3 4 6 9 11 13 14 15 17 19 20 21 22 25 27 | 27.0
Dodging        | 1 2 3 4 6 7 8 9 10 13 15 17 18 | 18.3
Armour         | 1 3 5 7 8 10 11 12 13 14 15 16 17 | 17.0
Staves         | 2 3 |  3.1
Short Blades   | 1 2 |  2.6
Maces & Flails | 3 7 10 13 16 17 18 19 20 | 20.9
Evocations     | 1 2 |  2.0
Ranged Weapons | 1 |  1.0
Shields        | 2 7 9 11 15 17 | 17.6
Necromancy     | 4 5 7 |  7.0
Spellcasting   | 3 5 |  5.1
Throwing       | |  3.0
Stealth        | |  0.2
Unarmed Combat | |  5.4

Action                     |  1- 3 |  4- 6 |  7- 9 | 10-12 | 13-15 | 16-18 | 19-21 || total
---------------------------+-------+-------+-------+-------+-------+-------+-------++-------
  Melee: Quarterstaff      |    86 |    64 |    84 |    40 |       |       |       ||   274
         Headbutt          |     6 |    11 |    51 |   181 |   325 |   215 |   282 ||  1071
         Dagger            |       |    45 |    66 |   236 |       |       |       ||   347
         Flail             |       |       |   165 |   455 |    44 |       |       ||   664
         Punch             |       |       |    11 |    31 |    51 |    13 |       ||   106
         Whip              |       |       |       |       |  1044 |       |       ||  1044
         Morningstar       |       |       |       |       |   173 |   896 |  1013 ||  2082
         Lajatang          |       |       |       |       |    28 |       |       ||    28
         Kick              |       |       |       |       |       |   233 |    64 ||   297
         Bite              |       |       |       |       |       |       |    33 ||    33
   Fire: Orcbow            |       |       |       |       |     2 |       |       ||     2
  Throw: Dart              |       |     5 |     8 |    13 |    20 |    10 |    11 ||    67
         Javelin           |       |       |       |       |       |     1 |     8 ||     9
 Invoke: Slimify           |       |       |       |       |       |     1 |     5 ||     6
  Evoke: Wand              |       |       |     2 |    16 |    19 |     2 |     6 ||    45
    Use: Potion            |       |     2 |       |     5 |     3 |     1 |     8 ||    19
         Scroll            |       |     5 |       |    16 |    16 |     3 |     4 ||    44
   Stab: Invisible         |       |       |       |     2 |       |       |    18 ||    20
         Distracted        |       |       |       |       |       |       |     2 ||     2
         Sleeping          |       |       |       |       |       |       |     1 ||     1
 Armour: Leather armour    |    57 |       |       |       |       |       |       ||    57
         Quicksilver drago |    11 |    95 |   316 |   619 |   841 |   596 |   513 ||  2991
         Skin              |       |       |       |       |     7 |       |       ||     7
  Dodge: Dodged            |    64 |    92 |   228 |   532 |   699 |   962 |  1147 ||  3724
  Block: Other             |       |       |       |       |   187 |   139 |       ||   326
         Reflection        |       |       |       |       |    17 |   112 |   106 ||   235
         Kite shield       |       |       |       |       |       |   729 |  1492 ||  2221
